 Dungeon Crawl Stone Soup version 0.17-a0-688-g21a41e9 (webtiles) character file.

61123 Marien the Basher (level 14, -8/133 HPs)
             Began as a Deep Dwarf Berserker on Apr 19, 2015.
             Was a Believer of Trog.
             Killed from afar by a thorn hunter (25 damage)
             ... with a volley of thorns
             ... on level 4 of the Swamp.
             The game lasted 03:14:05 (21116 turns).

Marien the Basher (Deep Dwarf Berserker)           Turns: 21116, Time: 03:14:05

Health: -8/133     AC: 24    Str: 24      XL:     14   Next: 59%
Magic:  5/5        EV: 14    Int: 11      God:    Trog [**....]
Gold:   1097       SH: 13    Dex: 11 (13) Spells: 0 memorised, 13 levels left

rFire  + + .     SeeInvis .     P - +3 flail (protect)
rCold  . . .     Clarity  .     w - +1 fire dragon armour
rNeg   + . .     SustAb   .     f - +0 shield
rPois  +         Gourm    .     e - +0 helmet
rElec  .         Spirit   .     a - +0 cloak
rCorr  .         Warding  .     M - +0 pair of gloves
rMut   .         Stasis   .     v - +1 pair of boots {Stlth+}
MR     ++...                    (no amulet)
Stlth  +.........               R - ring of poison resistance
                                m - ring of poison resistance

@: exhausted, non-regenerating, very resistant to hostile enchantments, very
unstealthy
A: damage resistance, recharge devices, blurry vision 1, clever 1, cold
resistance 1, negative energy resistance 1, sense surroundings 2, slow healing
3, MP-powered wands
a: Device Recharging, Burn Spellbooks, Berserk, Trog's Hand, Renounce Religion


You were on level 4 of the Swamp.
You worshipped Trog.
Trog was pleased with you.
You were not hungry.

You visited 4 branches of the dungeon, and saw 26 of its levels.
You also visited: Ice Cave.

You collected 1097 gold pieces.

Inventory:

Hand weapons
 i - a +4 executioner's axe of venom
 C - a +0 blowgun
 P - a +3 flail of protection (weapon)
Missiles
 n - 17 poisoned needles
 D - 13 curare-tipped needles
Armour
 a - a +0 cloak (worn)
 e - a +0 helmet (worn)
 f - a +0 shield (worn)
 v - a +1 pair of boots of stealth (worn)
 w - a +1 fire dragon armour (worn)
 y - a +0 buckler of cold resistance
 M - a +0 pair of gloves (worn)
 W - a +2 robe of cold resistance
Jewellery
 j - a +3 ring of dexterity
 m - a ring of poison resistance (left hand)
 F - an uncursed ring of ice
 G - a +3 ring of protection
 K - an uncursed ring of ice
 Q - the ring of Devotion {+cTele Str+4 Slay+2}
   (You found it on level 4 of the Lair of Beasts)

   [ring of teleport control]

   It can be evoked for teleport control.
   It affects your strength (+4).
   It affects your accuracy and damage with ranged weapons and melee attacks
   (+2).
 R - a ring of poison resistance (right hand)
Magical devices
 c - a wand of heal wounds (1)
 g - a wand of fireball (4)
 u - a wand of confusion (31)
 E - a wand of cold (2)
 I - a wand of cold (8)
 S - a wand of digging (17)
 T - a wand of cold (6)
 Y - a wand of frost (26)
Scrolls
 o - 3 scrolls of blinking
 q - 8 scrolls of teleportation
 s - 3 scrolls of identify
 t - 2 scrolls of enchant weapon
 B - 2 scrolls of recharging
 N - a scroll of brand weapon
 U - a scroll of enchant armour
Potions
 k - 3 potions of curing
 l - 3 potions of might
 r - 2 potions of heal wounds
 J - a potion of agility
 X - a potion of cure mutation {unknown}
Miscellaneous
 x - a phial of floods (inert)
 z - a stone of tremors
 L - a lamp of fire (inert)
Comestibles
 b - 3 royal jellies
 d - 4 bread rations
 h - 5 meat rations
 p - 17 fruits


   Skills:
 - Level 10.6 Fighting
 + Level 14.5 Maces & Flails
 - Level 10.8 Armour
 - Level 10.9 Dodging
 + Level 13.4 Shields


You had 13 spell levels left.
You didn't know any spells.

Dungeon Overview and Level Annotations

Branches:
Dungeon (11/15)            Temple (0/1) D:5            Lair (7/8) D:10
  Swamp (5/5) Lair:4       Spider (3/5) Lair:3        Slime (0/6) Lair:6
    Orc: D:9-12

Altars:
Ashenzari
Dithmenos
Gozag
Makhleb
Nemelex Xobeh
Sif Muna
Trog
Vehumet
Xom
Yredelemnul
The Shining One

Annotations:
Lair:3 Sonja
Lair:7 WhatIsLove's ghost, powerful FoEn
Spider:2 Agnes; Azrael


Innate Abilities, Weirdness & Mutations

You are resistant to damage.
You can recharge devices by infusing magical energy.
You resist negative energy.
You passively map the area around you.
You do not heal naturally.
Scrolls take you a little longer to read.
Your mind is acute. (Int +2)
Your flesh is cold resistant.
You expend magic power (3 MP) to strengthen your wands.


Message History

You completely miss the thorn hunter.
The thorn hunter is severely damaged.
The briar patch crumbles away. x5
The thorn hunter hits you. The thorn hunter hits you!
* * * LOW HITPOINT WARNING * * *
You sock the thorn hunter!
The thorn hunter is almost destroyed.
You block the thorn hunter's attack.
The thorn hunter hits you but does no damage.
Your fire dragon armour prevents you from hitting the thorn hunter.
The thorn hunter is almost destroyed.
The briar patch crumbles away.
The thorn hunter fires a volley of thorns at you.
The volley of thorns hits you!
* * * LOW HITPOINT WARNING * * *
You barely miss the thorn hunter.
The thorn hunter is severely damaged.
The thorn hunter fires a volley of thorns at you.
The volley of thorns hits you!
You die...

** ≈..♣♣ ♣≈.♣♣♣.≈≈♣♣
*♣♣♣♣♣♣♣..≈≈♣♣.≈≈.≈♣♣♣♣♣ *♣
♣♣♣.♣P♣♣.PP.P≈≈≈≈≈≈≈..≈♣
♣.♣♣*♣♣≈.≈.≈P≈..PP≈≈≈≈≈≈≈≈.≈≈♣ ♣
♣..≈≈♣♣..≈≈.)≈≈.≈≈≈≈≈≈≈≈≈≈.≈{.♣♣♣
*♣.......♣≈....≈≈≈≈≈≈≈≈≈≈≈≈♣♣.≈≈≈
♣.♣≈.≈≈.♣..?.≈..≈≈.§≈≈.≈≈≈.♣♣≈♣♣♣
≈.≈............†≈..≈≈≈≈P....≈≈♣
.♣..###.#...@..≈≈≈≈.♣..≈..♣♣♣
♣..≈...#....%#♣.f≈≈≈≈≈≈..≈≈≈≈≈≈≈.
≈.≈.≈..#.(....♣≈≈≈≈≈≈≈..≈≈≈≈≈≈≈.≈
.......#.....♣♣≈≈≈≈≈≈...≈≈≈≈..≈.≈
♣.≈.≈..#.....♣♣.≈.♣♣≈♣♣♣♣≈≈♣..≈≈≈
*≈≈....#....♣≈..≈≈≈≈.♣* ♣♣♣♣≈≈≈≈≈
* .$≈.....≈........≈≈.≈♣ ≈§≈≈≈v ,
≈.≈.#..♣≈.≈...≈.≈§..≈♣ ≈≈≈≈≈≈ , ,
.##.♣♣♣≈≈≈..≈≈..≈.. ≈≈.


You could see a thorn hunter.

Vanquished Creatures
  Josephine (D:10)
  A slime creature (Swamp:2)
  4 hydras
  4 alligators
  A ghost crab (Swamp:4)
  3 death yaks (Lair:7)
  Nergalle (Lair:3)
  A spriggan druid (Swamp:3)
  An ice statue (IceCv)
  5 swamp dragons
  A necromancer (IceCv)
  2 orb spiders
  5 wolf spiders
  2 hornets (Spider:3)
  Joseph (D:10)
  4 elephants (Lair:5)
  11 spiny frogs
  3 black mambas
  10 demonic crawlers (Spider:3)
  2 komodo dragons
  A fire drake (Lair:4)
  10 freezing wraiths (IceCv)
  A two-headed ogre (D:8)
  A troll (D:9)
  8 jumping spiders
  A boulder beetle (Lair:3)
  4 giant leeches
  Grinder (D:6)
  13 blink frogs
  3 baby alligators (Swamp:2)
  4 bog bodies
  3 ravens
  8 redbacks
  5 wraiths (D:10)
  Sigmund (D:3)
  2 shadows
  18 yaks
  A spriggan (D:7)
  2 fire elementals (Spider:3)
  3 trapdoor spiders
  4 tarantellas
  4 wolves (Lair:7)
  A wyvern (Lair:5)
  8 hippogriffs
  23 vampire mosquitoes
  Menkaure (D:4)
  3 swamp worms
  17 water moccasins
  5 insubstantial wisps
  Duvessa (D:6)
  4 spiders (Spider:1)
  2 swamp drakes
  2 black bears
  10 ice beasts
  6 porcupines
  3 phantoms
  A wasp (Spider:2)
  4 sky beasts
  4 orc warriors
  An eye of draining (D:10)
  An alligator simulacrum (IceCv)
  5 ogres
  A big kobold (D:9)
  4 centaurs
  13 crocodiles
  13 giant frogs
  3 scorpions
  10 killer bees
  Dowan (D:6)
  An electric eel (Lair:4)
  5 wights (D:6)
  2 goliath beetles (Lair:3)
  4 crimson imps
  2 draconian simulacra (IceCv)
  2 centaur zombies
  2 giant frog skeletons
  9 hounds
  3 jellies
  A giant frog zombie (D:8)
  3 orc wizards (D:9)
  4 orc priests
  2 killer bee zombies
  3 worker ants
  2 polar bear simulacra (IceCv)
  15 sheep
  A spriggan simulacrum (IceCv)
  4 troll simulacra (IceCv)
  A wolf simulacrum (IceCv)
  5 centaur simulacra (IceCv)
  6 iguanas
  A worker ant zombie (D:9)
  3 gnolls (D:2)
  6 ogre simulacra (IceCv)
  12 adders
  37 river rats
  2 naga simulacra (IceCv)
  4 shadow imps
  12 white imps (IceCv)
  4 oozes
  An adder skeleton (D:5)
  2 adder zombies
  5 worms
  A giant gecko (D:5)
  45 orcs
  7 giant cockroaches
  10 goblins
  9 hobgoblins
  7 jackals
  3 quokkas
  3 ball pythons
  14 bats
  A giant cockroach zombie (D:6)
  A giant gecko skeleton (D:5)
  3 giant newts
  19 kobolds
  12 rats
  3 ballistomycetes (D:6)
  2 plants (D:3)
614 creatures vanquished.

Vanquished Creatures (collateral kills)
  Fannar (Lair:2)
  A yak (Lair:2)
  A swamp drake (Swamp:5)
  3 river rats (Lair:2)
6 creatures vanquished.

Vanquished Creatures (others)
  A thorn hunter (Swamp:5)
  A komodo dragon (Lair:6)
  A water elemental (Swamp:5)
  A fire elemental (Swamp:5)
  2 vampire mosquitoes (Lair:3)
  A swamp drake (Swamp:5)
  A giant spore (D:6)
  A fungus (Lair:7)
9 creatures vanquished.

Grand Total: 629 creatures vanquished

Notes
Turn   | Place    | Note
--------------------------------------------------------------
     0 | D:1      | Marien, the Deep Dwarf Berserker, began the quest for the Orb.
     0 | D:1      | Reached XP level 1. HP: 20/20 MP: 1/1
   174 | D:1      | Reached XP level 2. HP: 24/27 MP: 1/1
   766 | D:1      | Acquired Trog's second power
   946 | D:2      | Reached XP level 3. HP: 18/34 MP: 1/1
  1004 | D:2      | Reached skill level 4 in Maces & Flails
  1177 | D:2      | Reached XP level 4. HP: 44/44 MP: 2/2
  1582 | D:3      | Found a sparkling altar of Nemelex Xobeh.
  1714 | D:3      | Noticed Sigmund
  1745 | D:2      | HP: 2/44 [poisoned by Sigmund]
  1854 | D:3      | Killed Sigmund
  1854 | D:3      | Reached skill level 5 in Maces & Flails
  1854 | D:3      | Reached XP level 5. HP: 51/51 MP: 3/3
  2000 | D:3      | Noticed a phantom
  2015 | D:3      | Killed a phantom
  2015 | D:3      | Reached skill level 5 in Fighting
  2015 | D:3      | Reached XP level 6. HP: 61/61 MP: 4/4
  2861 | D:4      | Noticed Menkaure
  2867 | D:4      | Killed Menkaure
  2867 | D:4      | Reached skill level 6 in Maces & Flails
  2867 | D:4      | Reached XP level 7. HP: 23/67 MP: 4/4
  3117 | D:4      | Found a basalt altar of Yredelemnul.
  3478 | D:5      | Entered Level 5 of the Dungeon
  3551 | D:5      | Found a staircase to the Ecumenical Temple.
  3718 | D:5      | Found a deep blue altar of Sif Muna.
  4080 | D:5      | Reached skill level 7 in Maces & Flails
  4206 | D:5      | Reached XP level 8. HP: 35/78 MP: 5/5
  4399 | D:6      | Noticed Dowan
  4409 | D:6      | Killed Dowan
  4445 | D:6      | Noticed Duvessa
  4458 | D:6      | Killed Duvessa
  4508 | D:6      | Reached skill level 8 in Maces & Flails
  4697 | D:6      | Noticed Grinder
  4720 | D:6      | Killed Grinder
  4997 | D:6      | Found a shattered altar of Ashenzari.
  5051 | D:6      | Reached skill level 9 in Maces & Flails
  5220 | D:6      | Acquired Trog's third power
  5343 | D:6      | Gained mutation: You passively map the area around you. [Deep Dwarf growth]
  5343 | D:6      | Reached XP level 9. HP: 88/88 MP: 4/4
  5578 | D:7      | Found a bloodstained altar of Trog.
  5579 | D:7      | Found a burning altar of Makhleb.
  5662 | D:7      | Found an opulent altar of Gozag.
  5829 | D:7      | Reached skill level 10 in Maces & Flails
  6522 | D:8      | Found a shadowy altar of Dithmenos.
  6802 | D:8      | Found a glowing golden altar of the Shining One.
  7096 | D:8      | Gained mutation: Your flesh is cold resistant. [mutagenic meat]
  7270 | D:8      | Reached XP level 10. HP: 51/99 MP: 5/5
  8061 | D:9      | Reached skill level 5 in Armour
  8566 | D:9      | Received a gift from Trog
  8687 | D:10     | Entered Level 10 of the Dungeon
  8825 | D:10     | Reached skill level 10 in Fighting
  8860 | D:10     | Noticed Joseph
  8873 | D:10     | Reached skill level 5 in Dodging
  8889 | D:10     | Killed Joseph
  9011 | D:10     | Noticed Josephine
  9061 | D:10     | Killed Josephine
  9103 | D:10     | Reached XP level 11. HP: 34/108 MP: 6/6
  9185 | D:10     | Found a staircase to the Lair.
  9685 | Lair:1   | Entered Level 1 of the Lair of Beasts
  9969 | Lair:1   | Reached skill level 1 in Shields
 10902 | Lair:2   | Found a frozen archway.
 10912 | IceCv    | Entered an ice cave
 11360 | IceCv    | Reached skill level 5 in Shields
 11426 | IceCv    | Found an ancient bone altar of Kikubaaqudgha.
 11519 | IceCv    | Noticed an ice statue
 11544 | IceCv    | Noticed a necromancer
 11573 | IceCv    | Killed a necromancer
 11662 | IceCv    | Killed an ice statue
 11886 | Lair:2   | Noticed Fannar
 11925 | Lair:2   | Killed Fannar
 11925 | Lair:2   | Reached skill level 10 in Armour
 11925 | Lair:2   | Reached XP level 12. HP: 100/116 MP: 4/4
 12490 | Lair:3   | Noticed Sonja
 12490 | Lair:3   | Noticed Nergalle
 12781 | Lair:3   | Reached skill level 10 in Dodging
 12916 | Lair:3   | Found a hole to the Spider Nest.
 13125 | Lair:3   | Received a gift from Trog
 13391 | Lair:3   | Found a radiant altar of Vehumet.
 13583 | Lair:3   | Killed Nergalle
 14154 | Lair:4   | Found a staircase to the Swamp.
 14182 | Lair:4   | Reached skill level 11 in Maces & Flails
 14490 | Lair:4   | Got an ancient bone ring
 14492 | Lair:4   | Identified the ring of Devotion {+cTele Str+4 Slay+2} (You found it on level 4 of the Lair of Beasts)
 16011 | Lair:5   | Noticed a seven-headed hydra
 16027 | Lair:5   | Killed a seven-headed hydra
 16027 | Lair:5   | Reached XP level 13. HP: 124/124 MP: 5/5
 16758 | Lair:6   | Found a shimmering altar of Xom.
 16804 | Lair:6   | Found a staircase to the Slime Pits.
 17206 | Lair:6   | Gained mutation: Scrolls take you a little longer to read. [potion of mutation]
 17206 | Lair:6   | Gained mutation: Your mind is acute. (Int +2) [potion of mutation]
 17206 | Lair:6   | Gained mutation: You expend magic power (3 MP) to strengthen your wands. [potion of mutation]
 17745 | Lair:7   | Reached skill level 12 in Maces & Flails
 17894 | Lair:7   | Noticed WhatIsLove's ghost (powerful FoEn)
 18064 | Spider:1 | Entered Level 1 of the Spider Nest
 18156 | Spider:1 | Reached skill level 10 in Shields
 18383 | Spider:1 | You fall through a shaft!
 18393 | Spider:2 | Noticed Agnes
 18401 | Spider:2 | Noticed Azrael
 18901 | Spider:3 | Reached skill level 13 in Maces & Flails
 19241 | Swamp:1  | Entered Level 1 of the Swamp
 19730 | Swamp:1  | You fall through a shaft!
 19773 | Swamp:2  | Gained mutation: You resist negative energy. [Deep Dwarf growth]
 19773 | Swamp:2  | Reached XP level 14. HP: 82/133 MP: 6/6
 20336 | Swamp:3  | Reached skill level 14 in Maces & Flails
 20746 | Swamp:5  | Entered Level 5 of the Swamp
 20752 | Swamp:5  | Noticed a thorn hunter
 20780 | Swamp:5  | Killed a thorn hunter
 20780 | Swamp:5  | HP: 3/133 [insubstantial wisp/static electricity (5)]
 21099 | Swamp:4  | Noticed a thorn hunter
 21116 | Swamp:4  | Killed from afar by a thorn hunter

Action                   |  1- 3 |  4- 6 |  7- 9 | 10-12 | 13-15 || total
-------------------------+-------+-------+-------+-------+-------++-------
Melee: Mace              |   133 |   198 |   187 |       |       ||   518
       Flail             |       |       |   285 |  1363 |  1145 ||  2793
       Whip              |       |       |    25 |       |       ||    25
Invok: Berserk           |       |     5 |    16 |    39 |    20 ||    80
       Trog's Hand       |       |       |     3 |    30 |    46 ||    79
       Burn Spellbooks   |       |       |       |     4 |     1 ||     5
 Abil: Device Recharging |     2 |     1 |     2 |     3 |     1 ||     9
       Evoke Flight      |       |       |       |     1 |       ||     1
Evoke: Wand              |     4 |     4 |     8 |    30 |    22 ||    68
       Lamp of fire      |       |       |       |       |     1 ||     1
       Phial of floods   |       |       |       |       |     1 ||     1
  Use: Scroll            |       |       |     8 |    21 |    11 ||    40
       Potion            |       |       |       |     3 |    13 ||    16
 Stab: Distracted        |       |       |       |     1 |       ||     1
  Eat: Chunk             |     1 |     8 |    27 |    37 |    18 ||    91
       Bread ration      |       |     1 |     1 |     8 |     3 ||    13
       Fruit             |       |       |       |     1 |     7 ||     8
       Beef jerky        |       |       |       |       |     4 ||     4
       Royal jelly       |       |       |       |       |     1 ||     1
       Meat ration       |       |       |       |       |     1 ||     1
